 Dungeon Crawl Stone Soup version 0.27.1-1-g398f81649c (webtiles) character file.

Game seed: 14737219060107698456

74 rogsnak the Magician (level 4, -5/31 HPs)
             Began as a Djinni Fire Elementalist on Sept 6, 2021.
             Killed by nerve-wracking pain
             ... invoked by Grinder
              (9 damage)
             ... on level 3 of the Dungeon.
             The game lasted 00:03:56 (2759 turns).

rogsnak the Magician (Djinni Fire Elementalist)     Turns: 2759, Time: 00:03:57

Health: -5/31      AC:  3    Str:  7    XL:     4   Next: 52%
Gold:   72         EV: 12    Int: 17    God:
                   SH:  0    Dex: 14

rFire    + + .     SeeInvis .   e - staff of conjuration
rCold    x . .     Faith    .   (no shield)
rNeg     . . .     Spirit   .   a - +0 robe
rPois    ∞         Reflect  .   h - +0 helmet
rElec    .         Harm     .   (no cloak)
rCorr    .         Rampage  .   (no gloves)
Will     .....                  (boots unavailable)
Stlth    ++........             (no amulet)
HPRegen  0.10/turn              (no ring)
MPRegen  0.00/turn              (no ring)

@: flying, very slightly contaminated
A: sickness immunity, fire resistance 2, cold vulnerability 1, float, innate
caster, hp casting, extra vitality 1
a: no special abilities


You were on level 3 of the Dungeon.
You visited 1 branch of the dungeon, and saw 3 of its levels.

You collected 72 gold pieces.

Inventory:

Missiles
 b - 20 bolts
Armour
 a - a +0 robe (worn)
 h - a +0 helmet (worn)
Magical Staves
 e - a staff of conjuration (weapon)
 l - a staff of death
Scrolls
 c - a scroll of teleportation {unknown}
 d - 2 scrolls of identify {unknown}
 f - 3 scrolls of blinking {unknown}
 i - a scroll of magic mapping {unknown}
 j - a scroll of summoning {unknown}
 k - a scroll of brand weapon {unknown}
Potions
 g - a potion of heal wounds {unknown}
 m - a potion of flight {unknown}
 n - a potion of brilliance {unknown}


   Skills:
 + Level 0.1 Fighting
 + Level 2.7 Dodging
 - Level 1.5 Stealth
 + Level 3.6 Spellcasting


You couldn't memorise any spells.
You knew the following spells:

 Your Spells              Type           Power      Damage    Failure   Level
a - Foxfire               Conj/Fire      92%        2x1d8     3%          1
b - Conjure Flame         Conj/Fire      23%        6-21      11%         3
c - Inner Flame           Hex/Fire       15%        N/A       11%         3
d - Sticky Flame          Conj/Fire      23%        2d4       34%         4
e - Fireball              Conj/Fire      11%        3d7       69%         5
f - Sandblast             Erth           30%        2d9       3%          1
Your spell library was empty.

Dungeon Overview and Level Annotations

Branches:
Dungeon (3/15)

Altars:
Hepliaklqana
Nemelex Xobeh
Okawaru
Sif Muna
Wu Jian
Xom

Annotations:
D:3 Grinder


Innate Abilities, Weirdness & Mutations

You are immune to sickness and miasma.
You are immune to poison.
Your flesh is very heat resistant. (rF++)
You are vulnerable to cold. (rC-)
You float through the air rather than walking.
You learn spells naturally, not from books.
Your magical power is your life essence.
You have superior vitality. (+4 HP)


Message History

The spell is quite dangerous to cast (11% risk of failure)!
Continue anyway?
Okay, then.
Casting: Conjure Flame (quite dangerous; 11% risk of failure)
Confirm with . or Enter, or press ? or * to list all spells.
The spell is extremely dangerous to cast (34% risk of failure)!
Continue anyway?
Aiming: Sticky Flame (extremely dangerous; 34% risk of failure)
Press: ? - help, Shift-Dir - straight line, f - Grinder
Aim: Grinder (lightly wounded, ally target, 100% to hit)
You feel a surge of power!
You miscast Sticky Flame.
You are very lightly contaminated with residual magic.
Nothing appears to happen.
The foxfire hits Grinder but does no damage.
Grinder is lightly wounded.
Casting: Sticky Flame (extremely dangerous; 34% risk of failure)
Confirm with . or Enter, or press ? or * to list all spells.
The spell is extremely dangerous to cast (34% risk of failure)!
Continue anyway?
Aiming: Sticky Flame (extremely dangerous; 34% risk of failure)
Press: ? - help, Shift-Dir - straight line, f/p - Grinder
Aim: Grinder (lightly wounded, 100% to hit)
You feel a surge of power!
The sticky flame hits Grinder.
Grinder is lightly wounded.
Grinder is covered in liquid flames!
Grinder burns!
Grinder hits you!
You writhe in agony.
* * * LOW HITPOINT WARNING * * *
Grinder burns!
Grinder hits you but does no damage.
Grinder burns!
Grinder gestures at you.
You barely resist.
Grinder burns!
Grinder burns!
Grinder says, "Tell me all your secrets, or I'll kill you."
Grinder burns!
Grinder stops burning.
Grinder says, "There's only one good use for a tongue: cutting it out."
Grinder gestures at you. Pain shoots through your body!
* * * LOW HITPOINT WARNING * * *
Unknown command.
Grinder gestures at you. Pain shoots through your body!
You die...

##. #.#.##.......
#...####
#.#.##.#.####
#....#
#.#.##.#.....
#...##.#
#......###### ##
#5# #.####.## #.#
#...)...# #.#
#.####.## #.# #.#
### ##@## #.#
#...###.# #....##.#
#....##.# #
####.##.###########
#.##..........##
#.##.####.#.....
#>##.####...#.##
#.##.......##.##


You could see Grinder.

Vanquished Creatures
  3 adders
  A worm (D:2)
  3 dart slugs
  4 endoplasms
  A giant cockroach (D:3)
  A goblin (D:1)
  5 hobgoblins
  3 jackals (D:2)
  A quokka (D:1)
  4 bats
  2 frilled lizards (D:1)
  5 kobolds
  5 rats
38 creatures vanquished.

Vanquished Creatures (collateral kills)
  2 foxfires (D:3)
2 creatures vanquished.

Vanquished Creatures (others)
  118 foxfires
118 creatures vanquished.

Grand Total: 158 creatures vanquished

Notes
Turn   | Place    | Note
-------+----------+-------------------------------------------
     0 | D:1      | rogsnak the Djinni Fire Elementalist began the quest for
                  | the Orb.
     0 | D:1      | Reached XP level 1. HP: 15/15 MP: 0/0
   529 | D:1      | Reached XP level 2. HP: 18/21 MP: 0/0
   900 | D:2      | Reached skill level 3 in Spellcasting
   929 | D:2      | Reached XP level 3. HP: 21/25 MP: 0/0
   929 | D:2      | Learned a level 1 spell: Sandblast
  1840 | D:2      | Reached XP level 4. HP: 31/31 MP: 0/0
  2073 | D:3      | Found an ornate altar of the Wu Jian Council.
  2073 | D:3      | Found a sparkling altar of Nemelex Xobeh.
  2073 | D:3      | Found an iron altar of Okawaru.
  2073 | D:3      | Found a hazy altar of Hepliaklqana.
  2073 | D:3      | Found a shimmering altar of Xom.
  2746 | D:3      | Noticed Grinder
  2759 | D:3      | Killed from afar by Grinder

Illustrated notes

Levels and vault maps discovered:
D:1:      dpeg_arrival_more_subterranean_lakeside_camping, layout_basic
D:2:      layout_basic
D:3:      layout_loops_ring, grunt_temple_overflow_open, serial_bayou_pond_d,
          uniq_grinder

Skill      XL: |  1  2 |
---------------+-------+-----
Spellcasting   | 3 |  3.6
Fighting       | |  0.1
Dodging        | |  2.7
Stealth        | |  1.5

Action                   |  1- 3 |  4- 6 || total
-------------------------+-------+-------++-------
Melee: Staff             |     1 |     6 ||     7
 Cast: Foxfire           |    53 |    30 ||    83
       Sticky Flame      |       |     1 ||     1
Armor: Robe              |     1 |     3 ||     4
Dodge: Dodged            |     1 |     8 ||     9
